Demolitions vs Sasquatch
(R2)
Created - January 7, 2018 at 21:12
Goals
|
Demolitions |
1 |
1 |
1 |
3 |
Sasquatch |
1 |
2 |
2 |
5 |
|
Shots
|
Demolitions |
11 |
6 |
12 |
29 |
Sasquatch |
13 |
8 |
12 |
33 |
|
1st period
1. Demolitions , Martins Karsums 15 (Mike Sauer 10, Bobby Butler 11) at 5:18
2. Sasquatch , Sergey Kalinin 7 (Teemu Hartikainen 7, Lauri Tukonen 9) at 17:10
Penalties :
Teemu Hartikainen (Gat) for Tripping (Minor) at 1:11, Nick Leddy (Gat) for Holding (Minor) at 5:28, Erik Condra (Vic) for Close Hand On Puck (Minor) at 18:13
2nd period
3. Demolitions , Jack Skille 10 (Seth Helgeson 6) at 5:51
4. Sasquatch , Sergey Kalinin 8 (Danny DeKeiser 14) at 16:00
5. Sasquatch , Drew Shore 22 (Jason Akeson 23, Corey Crawford) at 17:11 (PP)
Penalties :
Nick Leddy (Gat) for Tripping (Minor) at 3:35, Melker Karlsson (Gat) for Interference (Minor) at 13:47, Nicolas Blanchard (Vic) for Holding Stick (Minor) at 17:02, Nicolas Blanchard (Vic) for High sticking (Double Minor) at 17:33
3rd period
6. Sasquatch , Danny DeKeiser 4 (Drew Shore 37, Jason Akeson 24) at 4:22 (PP)
7. Sasquatch , Melker Karlsson 12 (Brock Trotter 12, Slava Voynov 9) at 5:44
8. Demolitions , Bobby Butler 15 (Martins Karsums 25, Nicolas Blanchard 15) at 10:02 (PP)
Penalties :
Frazer Mclaren (Vic) for Diving (Minor) at 3:37, Bobby Butler (Vic) for Tripping (Minor) at 5:45, Brock Trotter (Gat) for Hooking (Minor) at 9:58, Nicolas Blanchard (Vic) for Holding (Minor) at 12:54, Brandon Gormley (Gat) for Goalie Interference (Minor) at 16:06
Goalie Stats
Joe Cannata (Vic), 28 saves from 33 shots - (0.848), L, 6-10-3, 60:00 minutes
Corey Crawford (Gat), 26 saves from 29 shots - (0.897), W, 19-9-2, 60:00 minutes
Players Stats for Demolitions
Player Name G A P +/- PIM S H SB GA TA FO MP PP MP PK MP
------------------------------------------------------------------------------------
Alex Hutchings 0 0 0 0 0 0 0 0 0 0 0/0 2:18 0:02 1:58
Andrew Campbell 0 0 0 -1 0 0 1 0 1 0 0/0 21:33 4:06 4:02
Billy Sweat 0 0 0 0 0 2 1 0 0 0 0/1 9:19 0:00 0:00
Bobby Butler 1 1 2 0 2 6 2 0 0 0 0/1 22:51 5:46 5:12
Erik Condra 0 0 0 0 2 3 0 0 0 0 0/0 18:52 4:11 2:02
Frazer Mclaren 0 0 0 0 2 0 1 0 0 1 0/1 16:32 4:11 0:00
Ian Cole 0 0 0 -1 0 2 0 0 2 0 0/0 29:41 5:53 6:48
Jack Skille 1 0 1 0 0 2 0 1 0 2 0/0 12:09 0:00 2:28
Josh Beaulieu 0 0 0 0 0 2 1 0 0 0 0/0 2:38 0:06 0:09
Martins Karsums 1 1 2 -1 0 6 2 0 0 1 9/11 27:08 5:46 6:23
Mike Sauer 0 1 1 -1 0 0 2 0 1 0 0/0 21:33 4:06 4:02
Mitchell Moroz 0 0 0 0 0 0 0 1 0 0 0/0 2:40 0:00 2:26
Nick Pryor 0 0 0 0 0 0 0 0 0 0 0/0 2:50 0:00 0:00
Nicolas Blanchard 0 1 1 0 8 1 3 1 0 2 17/30 17:49 5:44 0:00
Robert Bortuzzo 0 0 0 1 0 1 0 2 0 0 0/0 8:46 0:00 0:00
Ryan Olsen 0 0 0 0 0 0 1 0 0 0 1/3 10:21 0:00 1:02
Ryan Russell 0 0 0 -1 0 0 0 0 0 0 0/0 4:57 0:00 0:00
Seth Helgeson 0 1 1 -1 0 3 4 0 0 1 0/0 26:51 5:53 6:48
Taylor Aronson 0 0 0 1 0 1 0 1 0 0 0/0 8:46 0:00 0:00
Taylor Leier 0 0 0 0 0 0 0 0 0 0 0/0 0:00 0:00 0:00
Thomas DiPauli 0 0 0 -1 0 0 0 1 0 0 0/4 4:57 0:00 0:00
Vince Rocco 0 0 0 0 0 0 2 0 1 1 2/11 16:33 4:11 0:00
Players Stats for Sasquatch
Player Name G A P +/- PIM S H SB GA TA FO MP PP MP PK MP
------------------------------------------------------------------------------------
Brandon Gormley 0 0 0 -1 2 0 0 1 1 0 0/0 15:43 3:27 0:00
Brock Trotter 0 1 1 0 2 4 2 1 0 0 1/1 11:32 0:20 1:12
Danny DeKeiser 1 1 2 2 0 3 0 1 1 0 0/0 28:39 7:23 4:08
Drew Shore 1 1 2 -1 0 3 2 1 1 1 16/38 22:55 6:22 5:30
Filip Forsberg 0 0 0 -1 0 1 0 1 0 0 0/1 17:17 6:22 0:00
Garnet Hathaway 0 0 0 1 0 4 3 1 1 0 1/1 17:14 0:10 5:30
Jason Akeson 0 2 2 -1 0 3 3 0 0 0 2/4 17:18 6:23 0:00
Jason Zucker 0 0 0 0 0 3 1 0 0 0 0/0 14:55 4:08 0:00
Jonathan Blum 0 0 0 -1 0 1 1 2 0 1 0/0 20:50 3:27 4:35
Lauri Tukonen 0 1 1 1 0 0 2 0 1 1 1/1 10:15 0:00 3:17
Martin Marincin 0 0 0 0 0 1 1 1 0 1 0/0 16:05 0:00 5:51
Melker Karlsson 1 0 1 2 2 1 1 1 1 0 5/6 10:21 0:19 0:00
Nick Bjugstad 0 0 0 0 0 0 1 0 0 0 4/6 14:45 4:08 0:07
Nick Leddy 0 0 0 -1 4 3 0 1 1 1 0/0 25:39 7:23 2:54
Petr Straka 0 0 0 1 0 0 0 1 0 0 0/0 13:24 4:08 0:00
Sergey Kalinin 2 0 2 2 0 3 1 0 0 0 3/4 10:54 0:10 3:29
Slava Voynov 0 1 1 2 0 1 0 3 0 0 0/0 14:11 0:00 2:30
Teemu Hartikainen 0 1 1 0 2 2 1 0 1 0 0/0 7:58 0:00 0:53
3 Stars
1 - Sergey Kalinin (Gat)
2 - Danny DeKeiser (Gat)
3 - Drew Shore (Gat)
Power Play
Demolitions - 1 on 6 Attempt(s) - 16.67%
Sasquatch - 2 on 7 Attempt(s) - 28.57%
Penalty Kill
Demolitions - 5 on 7 Attempt(s) - 71.43%
- Score 0 goal in Penalty Kill
Sasquatch - 5 on 6 Attempt(s) - 83.33%
- Score 0 goal in Penalty Kill
Team Stat
Demolitions - Hits : 20 - Faceoff Wins : 29 - Blocked Shots : 7 - Penalty Minutes : 14
Sasquatch - Hits : 19 - Faceoff Wins : 33 - Blocked Shots : 15 - Penalty Minutes : 12
Official
Referees : Pochmara Brian and Kimmerly Greg
Linesman : Steve Barton and Brian Mach
Game Notes
No Game Note
Finance
Level 1 -- Attendance: 1334 (66.70%) -- Ticket Income $53,360
Level 2 -- Attendance: 781 (78.10%) -- Ticket Income $15,620
Total Attendance: 2115 (70.50%)
Total Ticket Income: $68,980
Other Income: $3,449
Total Income: $72,429
Demolitions
5 vs 5 Forward
Center Left Wing Right Wing Time % Phy DF OF
1 Nicolas Blanchard Bobby Butler Martins Karsums 40 1 2 2
2 Vince Rocco Frazer Mclaren Erik Condra 30 1 2 2
3 Ryan Olsen Billy Sweat Jack Skille 20 1 2 2
4 Thomas DiPauli Ryan Russell Martins Karsums 10 1 2 2
5 vs 5 Defense
Defense Defense Time % Phy DF OF
1 Ian Cole Seth Helgeson 40 1 2 2
2 Mike Sauer Andrew Campbell 30 1 2 2
3 Robert Bortuzzo Taylor Aronson 20 1 2 2
4 Nick Pryor Ian Cole 10 1 2 2
PowerPlay Forward
Center Left Wing Right Wing Time % Phy DF OF
1 Nicolas Blanchard Bobby Butler Martins Karsums 60 1 2 2
2 Vince Rocco Frazer Mclaren Erik Condra 40 1 2 2
PowerPlay Defense
Defense Defense Time % Phy DF OF
1 Ian Cole Seth Helgeson 60 1 2 2
2 Mike Sauer Andrew Campbell 40 1 2 2
Penalty Kill 4 Players Forward
Center Wing Time % Phy DF OF
1 Martins Karsums Bobby Butler 60 1 2 2
2 Erik Condra Jack Skille 40 1 2 2
Penalty Kill 4 Players Defense
Defense Defense Time % Phy DF OF
1 Ian Cole Seth Helgeson 60 1 2 2
2 Mike Sauer Andrew Campbell 40 1 2 2
Penalty Kill - 3 Players Forward
Forward Time % Phy DF OF
1 Martins Karsums 60 1 2 2
2 Bobby Butler 40 1 2 2
Penalty Kill - 3 Players Defense
Defense Defense Time % Phy DF OF
1 Ian Cole Seth Helgeson 60 1 2 2
2 Mike Sauer Andrew Campbell 40 1 2 2
4 vs 4 Forward
Center Wing Time % Phy DF OF
1 Martins Karsums Bobby Butler 60 1 2 2
2 Erik Condra Jack Skille 40 1 2 2
4 vs 4 Defense
Defense Defense Time % Phy DF OF
1 Ian Cole Seth Helgeson 60 1 2 2
2 Mike Sauer Andrew Campbell 40 1 2 2
Last Minutes Offensive
Center Left Wing Right Wing Defense Defense
Nicolas Blanchard Bobby Butler Martins Karsums Ian Cole Seth Helgeson
Last Minutes Defensive
Center Left Wing Right Wing Defense Defense
Nicolas Blanchard Bobby Butler Martins Karsums Ian Cole Seth Helgeson
Goaltenders
Starting : Joe Cannata
Backup : Olivier Roy
Extra Forwards
Normal : Josh Beaulieu, Alex Hutchings, Mitchell Moroz - PP : Josh Beaulieu, Alex Hutchings - PK : Mitchell Moroz
Extra Defensemen
Normal : Robert Bortuzzo, Taylor Aronson, Nick Pryor - PP : Robert Bortuzzo - PK : Taylor Aronson, Nick Pryor
Penalty Shots
Martins Karsums, Bobby Butler, Erik Condra, Jack Skille, Frazer Mclaren
Scratches
Corban Knight (Broken Bone (Left Leg) Injury), Darren Helm (Broken Bone (Right Ankle) Injury), Ryan Bayda (Fractured Bone in Left Hand Injury), Brandon McMillan (Lower Body Injury), Jake Paterson (Healthy)
Jussi Rynnas (Healthy)
Sasquatch
5 vs 5 Forward
Center Left Wing Right Wing Time % Phy DF OF
1 Drew Shore Filip Forsberg Jason Akeson 40 1 2 2
2 Nick Bjugstad Jason Zucker Garnet Hathaway 30 1 2 2
3 Melker Karlsson Brock Trotter Petr Straka 20 1 2 2
4 Sergey Kalinin Teemu Hartikainen Lauri Tukonen 10 1 2 2
5 vs 5 Defense
Defense Defense Time % Phy DF OF
1 Danny DeKeiser Nick Leddy 40 1 2 2
2 Brandon Gormley Jonathan Blum 30 1 2 2
3 Martin Marincin Slava Voynov 20 1 2 2
4 Slava Voynov Danny DeKeiser 10 1 2 2
PowerPlay Forward
Center Left Wing Right Wing Time % Phy DF OF
1 Drew Shore Filip Forsberg Jason Akeson 60 1 2 2
2 Nick Bjugstad Jason Zucker Petr Straka 40 1 2 2
PowerPlay Defense
Defense Defense Time % Phy DF OF
1 Danny DeKeiser Nick Leddy 60 1 2 2
2 Brandon Gormley Jonathan Blum 40 1 2 2
Penalty Kill 4 Players Forward
Center Wing Time % Phy DF OF
1 Drew Shore Garnet Hathaway 60 1 2 2
2 Sergey Kalinin Lauri Tukonen 40 1 2 2
Penalty Kill 4 Players Defense
Defense Defense Time % Phy DF OF
1 Martin Marincin Nick Leddy 60 1 2 2
2 Danny DeKeiser Jonathan Blum 40 1 2 2
Penalty Kill - 3 Players Forward
Forward Time % Phy DF OF
1 Sergey Kalinin 60 1 2 2
2 Brock Trotter 40 1 2 2
Penalty Kill - 3 Players Defense
Defense Defense Time % Phy DF OF
1 Martin Marincin Nick Leddy 60 1 2 2
2 Danny DeKeiser Brandon Gormley 40 1 2 2
4 vs 4 Forward
Center Wing Time % Phy DF OF
1 Nick Bjugstad Filip Forsberg 60 1 2 2
2 Drew Shore Jason Zucker 40 1 2 2
4 vs 4 Defense
Defense Defense Time % Phy DF OF
1 Brandon Gormley Nick Leddy 60 1 2 2
2 Danny DeKeiser Jonathan Blum 40 1 2 2
Last Minutes Offensive
Center Left Wing Right Wing Defense Defense
Drew Shore Filip Forsberg Jason Akeson Jonathan Blum Nick Leddy
Last Minutes Defensive
Center Left Wing Right Wing Defense Defense
Drew Shore Filip Forsberg Garnet Hathaway Martin Marincin Danny DeKeiser
Goaltenders
Starting : Corey Crawford
Backup : Joonas Korpisalo
Extra Forwards
Normal : Jason Zucker, Melker Karlsson, Teemu Hartikainen - PP : Jason Zucker, Melker Karlsson - PK : Teemu Hartikainen
Extra Defensemen
Normal : Brandon Gormley, Slava Voynov, Danny DeKeiser - PP : Brandon Gormley - PK : Slava Voynov, Danny DeKeiser
Penalty Shots
Jason Akeson, Jason Zucker, Nick Leddy, Filip Forsberg, Lauri Tukonen
Scratches
Andy Andreoff (Healthy), T.J. Tynan (Healthy), Dmitri Orlov (Healthy), Ty Rattie (Healthy), Joey Laleggia (Healthy)
Jack Campbell (Healthy)
% Time on Ice - Demolitions
Lines # - Real PCT - Wanted PCT - Time Play
Normal Forward
1 - 30% - 40% - 11:57
2 - 33% - 30% - 12:58
3 - 24% - 20% - 9:19
4 - 13% - 10% - 4:57
Normal Defense
1 - 36% - 40% - 14:10
2 - 34% - 30% - 13:25
3 - 22% - 20% - 8:46
4 - 7% - 10% - 2:50
PP Forward
1 - 58% - 60% - 5:48
2 - 42% - 40% - 4:11
PP Defense
1 - 59% - 60% - 5:53
2 - 41% - 40% - 4:06
PK Forward
1 - 77% - 60% - 8:22
2 - 23% - 40% - 2:28
PK Defense
1 - 63% - 60% - 6:48
2 - 37% - 40% - 4:02
PK3 Forward
1 - 0% - 60%
2 - 0% - 40%
PK3 Defense
1 - 0% - 60%
2 - 0% - 40%
44 Forward
1 - 0% - 60%
2 - 0% - 40%
44 Defense
1 - 0% - 60%
2 - 0% - 40%
Last Minute Offensive - 0:00
Last Minute Defensive - 0:00
Total
Forward - 60:00
Defense - 60:00
|
% Time on Ice - Sasquatch
Lines # - Real PCT - Wanted PCT - Time Play
Normal Forward
1 - 30% - 40% - 11:54
2 - 30% - 30% - 11:40
3 - 23% - 20% - 9:07
4 - 17% - 10% - 6:30
Normal Defense
1 - 40% - 40% - 15:31
2 - 32% - 30% - 12:31
3 - 24% - 20% - 9:22
4 - 5% - 10% - 1:47
PP Forward
1 - 62% - 60% - 6:42
2 - 38% - 40% - 4:08
PP Defense
1 - 68% - 60% - 7:23
2 - 32% - 40% - 3:27
PK Forward
1 - 67% - 60% - 6:42
2 - 33% - 40% - 3:17
PK Defense
1 - 59% - 60% - 5:51
2 - 41% - 40% - 4:08
PK3 Forward
1 - 0% - 60%
2 - 0% - 40%
PK3 Defense
1 - 0% - 60%
2 - 0% - 40%
44 Forward
1 - 0% - 60%
2 - 0% - 40%
44 Defense
1 - 0% - 60%
2 - 0% - 40%
Last Minute Offensive - 0:00
Last Minute Defensive - 0:00
Total
Forward - 60:00
Defense - 60:00
|
Play by Play
1st period
0:01 of 1st period - Nicolas Blanchard wins face-off versus Drew Shore in neutral zone.
0:04 of 1st period - Snap shot by Martins Karsums.
0:04 of 1st period - Stopped by Corey Crawford with a rebound.
0:06 of 1st period - Slapshot by Martins Karsums.
0:06 of 1st period - Stopped by Corey Crawford with a rebound.
0:08 of 1st period - Slapshot by Seth Helgeson.
0:08 of 1st period - Stopped by Corey Crawford with a rebound.
0:30 of 1st period - Ian Cole is hit by Garnet Hathaway.
0:48 of 1st period - Melker Karlsson is hit by Seth Helgeson and loses puck.
1:09 of 1st period - Snap shot by Jack Skille.
1:09 of 1st period - Shot Blocked by Jonathan Blum.
1:11 of 1st period - Minor Penalty to Teemu Hartikainen for Tripping.
1:12 of 1st period - Nicolas Blanchard wins face-off versus Drew Shore in Sasquatch zone.
1:17 of 1st period - Wrist shot by Bobby Butler.
1:17 of 1st period - Stopped by Corey Crawford without a rebound.
1:18 of 1st period - Nicolas Blanchard wins face-off versus Drew Shore in Sasquatch zone.
2:05 of 1st period - Slapshot by Lauri Tukonen.
2:05 of 1st period - Shot Blocked by Nicolas Blanchard.
2:07 of 1st period - Slapshot by Danny DeKeiser.
2:07 of 1st period - Stopped by Joe Cannata with a rebound.
3:11 of 1st period - Penalty to Teemu Hartikainen is over, Teemu Hartikainen is back on ice.
4:01 of 1st period - Slapshot by Jason Zucker.
4:01 of 1st period - Stopped by Joe Cannata without a rebound.
4:02 of 1st period - Drew Shore wins face-off versus Vince Rocco in Demolitions zone.
4:05 of 1st period - Snap shot by Jason Akeson.
4:05 of 1st period - Stopped by Joe Cannata with a rebound.
4:19 of 1st period - Snap shot by Garnet Hathaway.
4:19 of 1st period - Stopped by Joe Cannata with a rebound.
4:38 of 1st period - Slapshot by Nick Leddy.
4:38 of 1st period - Deflect By Sergey Kalinin.
4:38 of 1st period - Stopped by Joe Cannata with a rebound.
4:53 of 1st period - Off-side.
4:54 of 1st period - Melker Karlsson wins face-off versus Frazer Mclaren in neutral zone.
4:57 of 1st period - Andrew Campbell is hit by Melker Karlsson and loses puck.
5:06 of 1st period - Snap shot by Brock Trotter.
5:06 of 1st period - Stopped by Joe Cannata without a rebound.
5:07 of 1st period - Drew Shore wins face-off versus Nicolas Blanchard in Demolitions zone.
5:16 of 1st period - Snap shot by Martins Karsums.
5:16 of 1st period - Shot Blocked by Drew Shore.
5:18 of 1st period - Slapshot by Mike Sauer.
5:18 of 1st period - Deflect By Martins Karsums.
5:18 of 1st period - Goal by Martins Karsums - Demolitions : 1 - Sasquatch : 0.
5:19 of 1st period - Nicolas Blanchard wins face-off versus Drew Shore in neutral zone.
5:26 of 1st period - Slapshot by Bobby Butler.
5:26 of 1st period - Shot Misses the Net.
5:28 of 1st period - Minor Penalty to Nick Leddy for Holding.
5:29 of 1st period - Drew Shore wins face-off versus Nicolas Blanchard in Sasquatch zone.
5:40 of 1st period - Snap shot by Martins Karsums.
5:40 of 1st period - Stopped by Corey Crawford without a rebound.
5:41 of 1st period - Drew Shore wins face-off versus Nicolas Blanchard in Sasquatch zone.
5:50 of 1st period - Snap shot by Martins Karsums.
5:50 of 1st period - Stopped by Corey Crawford with a rebound.
5:54 of 1st period - Snap shot by Martins Karsums.
5:54 of 1st period - Shot Misses the Net.
5:56 of 1st period - Snap shot by Ian Cole.
5:56 of 1st period - Deflect By Bobby Butler.
5:56 of 1st period - Shot Misses the Net.
5:56 of 1st period - Puck is out of play.
5:57 of 1st period - Drew Shore wins face-off versus Vince Rocco in Sasquatch zone.
5:57 of 1st period - Drew Shore is hit by Seth Helgeson.
6:59 of 1st period - Vince Rocco is hit by Garnet Hathaway and loses puck.
7:28 of 1st period - Penalty to Nick Leddy is over, Nick Leddy is back on ice.
8:26 of 1st period - Brandon Gormley is hit by Mike Sauer and loses puck.
8:41 of 1st period - Filip Forsberg is hit by Andrew Campbell and loses puck.
9:47 of 1st period - Slapshot by Brock Trotter.
9:47 of 1st period - Stopped by Joe Cannata without a rebound.
9:48 of 1st period - Nick Bjugstad wins face-off versus Ryan Olsen in Demolitions zone.
9:59 of 1st period - Snap shot by Ian Cole.
9:59 of 1st period - Shot Blocked by Garnet Hathaway.
10:01 of 1st period - Snap shot by Ian Cole.
10:01 of 1st period - Stopped by Corey Crawford without a rebound.
10:02 of 1st period - Nicolas Blanchard wins face-off versus Drew Shore in Sasquatch zone.
11:22 of 1st period - Martins Karsums is hit by Sergey Kalinin.
11:36 of 1st period - Snap shot by Drew Shore.
11:36 of 1st period - Shot Misses the Net.
12:13 of 1st period - Wrist shot by Martins Karsums.
12:13 of 1st period - Stopped by Corey Crawford without a rebound.
12:14 of 1st period - Garnet Hathaway wins face-off versus Thomas DiPauli in Sasquatch zone.
12:27 of 1st period - Snap shot by Jason Zucker.
12:27 of 1st period - Shot Misses the Net.
12:29 of 1st period - Snap shot by Jason Zucker.
12:29 of 1st period - Stopped by Joe Cannata with a rebound.
13:03 of 1st period - Backhand shot by Garnet Hathaway.
13:03 of 1st period - Stopped by Joe Cannata with a rebound.
13:05 of 1st period - Wrist shot by Garnet Hathaway.
13:05 of 1st period - Stopped by Joe Cannata without a rebound.
13:06 of 1st period - Drew Shore wins face-off versus Vince Rocco in Demolitions zone.
13:09 of 1st period - Snap shot by Drew Shore.
13:09 of 1st period - Shot Blocked by Taylor Aronson.
13:31 of 1st period - Billy Sweat is hit by Brock Trotter and loses puck.
14:36 of 1st period - Slapshot by Nick Leddy.
14:36 of 1st period - Deflect By Mike Sauer.
14:36 of 1st period - Stopped by Joe Cannata with a rebound.
15:40 of 1st period - Brandon Gormley is hit by Seth Helgeson.
15:50 of 1st period - Snap shot by Billy Sweat.
15:50 of 1st period - Stopped by Corey Crawford with a rebound.
16:11 of 1st period - Wrist shot by Bobby Butler.
16:11 of 1st period - Stopped by Corey Crawford without a rebound.
16:12 of 1st period - Sergey Kalinin wins face-off versus Nicolas Blanchard in Sasquatch zone.
16:17 of 1st period - Snap shot by Teemu Hartikainen.
16:17 of 1st period - Shot Misses the Net.
16:19 of 1st period - Snap shot by Martin Marincin.
16:19 of 1st period - Shot Blocked by Robert Bortuzzo.
16:23 of 1st period - Snap shot by Teemu Hartikainen.
16:23 of 1st period - Stopped by Joe Cannata with a rebound.
16:57 of 1st period - Taylor Aronson is hit by Lauri Tukonen and loses puck.
17:10 of 1st period - Snap shot by Sergey Kalinin.
17:10 of 1st period - Goal by Sergey Kalinin - Demolitions : 1 - Sasquatch : 1.
17:11 of 1st period - Vince Rocco wins face-off versus Jason Akeson in neutral zone.
18:13 of 1st period - Minor Penalty to Erik Condra for Close Hand On Puck.
18:14 of 1st period - Martins Karsums wins face-off versus Drew Shore in Demolitions zone.
18:49 of 1st period - Slapshot by Nick Bjugstad.
18:49 of 1st period - Shot Misses the Net.
19:33 of 1st period - Danny DeKeiser is hit by Ryan Olsen.
19:45 of 1st period - Jason Akeson is hit by Seth Helgeson and loses puck.
Goals for this period are 1 for Demolitions vs 1 for Sasquatch.
Shots for this period are 11 for Demolitions vs 13 for Sasquatch.
2nd period
0:01 of 2nd period - Martins Karsums wins face-off versus Jason Akeson in neutral zone.
0:04 of 2nd period - Nick Leddy is hit by Bobby Butler and loses puck.
0:11 of 2nd period - Ian Cole is hit by Jason Akeson and loses puck.
0:13 of 2nd period - Penalty to Erik Condra is over, Erik Condra is back on ice.
0:54 of 2nd period - Off-side.
0:55 of 2nd period - Nicolas Blanchard wins face-off versus Drew Shore in neutral zone.
0:58 of 2nd period - Snap shot by Martins Karsums.
0:58 of 2nd period - Shot Misses the Net.
1:00 of 2nd period - Snap shot by Bobby Butler.
1:00 of 2nd period - Stopped by Corey Crawford with a rebound.
1:02 of 2nd period - Wrist shot by Martins Karsums.
1:02 of 2nd period - Shot Hit the Post.
1:04 of 2nd period - Slapshot by Mike Sauer.
1:04 of 2nd period - Shot Blocked by Danny DeKeiser.
1:06 of 2nd period - Slapshot by Andrew Campbell.
1:06 of 2nd period - Shot Blocked by Filip Forsberg.
1:53 of 2nd period - Slapshot by Nick Leddy.
1:53 of 2nd period - Stopped by Joe Cannata without a rebound.
1:54 of 2nd period - Nicolas Blanchard wins face-off versus Drew Shore in Demolitions zone.
1:54 of 2nd period - Nicolas Blanchard is hit by Jason Akeson.
2:41 of 2nd period - Wrist shot by Jack Skille.
2:41 of 2nd period - Shot Blocked by Petr Straka.
2:47 of 2nd period - Melker Karlsson is hit by Billy Sweat and loses puck.
3:07 of 2nd period - Backhand shot by Drew Shore.
3:07 of 2nd period - Shot Misses the Net.
3:09 of 2nd period - Snap shot by Slava Voynov.
3:09 of 2nd period - Stopped by Joe Cannata with a rebound.
3:11 of 2nd period - Snap shot by Martin Marincin.
3:11 of 2nd period - Deflect By Drew Shore.
3:11 of 2nd period - Shot Misses the Net.
3:11 of 2nd period - Puck is out of play.
3:12 of 2nd period - Nick Bjugstad wins face-off versus Vince Rocco in Demolitions zone.
3:25 of 2nd period - Slapshot by Erik Condra.
3:25 of 2nd period - Shot Misses the Net.
3:27 of 2nd period - Wrist shot by Robert Bortuzzo.
3:27 of 2nd period - Stopped by Corey Crawford without a rebound.
3:28 of 2nd period - Nicolas Blanchard wins face-off versus Drew Shore in Sasquatch zone.
3:33 of 2nd period - Snap shot by Nicolas Blanchard.
3:33 of 2nd period - Shot Misses the Net.
3:35 of 2nd period - Minor Penalty to Nick Leddy for Tripping.
3:36 of 2nd period - Nicolas Blanchard wins face-off versus Drew Shore in Sasquatch zone.
3:37 of 2nd period - Snap shot by Bobby Butler.
3:37 of 2nd period - Stopped by Corey Crawford with a rebound.
3:39 of 2nd period - Wrist shot by Martins Karsums.
3:39 of 2nd period - Shot Misses the Net.
3:41 of 2nd period - Slapshot by Ian Cole.
3:41 of 2nd period - Shot Blocked by Slava Voynov.
3:43 of 2nd period - Slapshot by Ian Cole.
3:43 of 2nd period - Shot Misses the Net.
3:45 of 2nd period - Snap shot by Bobby Butler.
3:45 of 2nd period - Shot Misses the Net.
3:47 of 2nd period - Slapshot by Seth Helgeson.
3:47 of 2nd period - Shot Blocked by Slava Voynov.
3:49 of 2nd period - Snap shot by Nicolas Blanchard.
3:49 of 2nd period - Shot Misses the Net.
3:51 of 2nd period - Slapshot by Ian Cole.
3:51 of 2nd period - Shot Misses the Net.
5:35 of 2nd period - Penalty to Nick Leddy is over, Nick Leddy is back on ice.
5:49 of 2nd period - Snap shot by Jack Skille.
5:49 of 2nd period - Stopped by Corey Crawford with a rebound.
5:51 of 2nd period - Snap shot by Jack Skille.
5:51 of 2nd period - Goal by Jack Skille - Demolitions : 2 - Sasquatch : 1.
5:52 of 2nd period - Ryan Olsen wins face-off versus Drew Shore in neutral zone.
7:20 of 2nd period - Slapshot by Ian Cole.
7:20 of 2nd period - Shot Blocked by Slava Voynov.
7:22 of 2nd period - Slapshot by Martins Karsums.
7:22 of 2nd period - Shot Misses the Net.
7:24 of 2nd period - Backhand shot by Ryan Russell.
7:24 of 2nd period - Shot Misses the Net.
7:26 of 2nd period - Snap shot by Thomas DiPauli.
7:26 of 2nd period - Shot Misses the Net.
8:54 of 2nd period - Icing by Ian Cole.
8:55 of 2nd period - Nicolas Blanchard wins face-off versus Nick Bjugstad in Demolitions zone.
9:26 of 2nd period - Slapshot by Brock Trotter.
9:26 of 2nd period - Stopped by Joe Cannata with a rebound.
9:32 of 2nd period - Wrist shot by Petr Straka.
9:32 of 2nd period - Shot Misses the Net.
9:42 of 2nd period - Snap shot by Erik Condra.
9:42 of 2nd period - Stopped by Corey Crawford without a rebound.
9:43 of 2nd period - Drew Shore wins face-off versus Vince Rocco in Sasquatch zone.
11:06 of 2nd period - Off-side.
11:07 of 2nd period - Brock Trotter wins face-off versus Nicolas Blanchard in neutral zone.
11:07 of 2nd period - Petr Straka is hit by Martins Karsums and loses puck.
11:49 of 2nd period - Icing by Jonathan Blum.
11:50 of 2nd period - Drew Shore wins face-off versus Billy Sweat in Sasquatch zone.
11:55 of 2nd period - Jack Skille is hit by Drew Shore and loses puck.
12:59 of 2nd period - Snap shot by Teemu Hartikainen.
12:59 of 2nd period - Stopped by Joe Cannata without a rebound.
13:00 of 2nd period - Jason Akeson wins face-off versus Thomas DiPauli in Demolitions zone.
13:01 of 2nd period - Slapshot by Jonathan Blum.
13:01 of 2nd period - Shot Misses the Net.
13:47 of 2nd period - Minor Penalty to Melker Karlsson for Interference.
13:48 of 2nd period - Drew Shore wins face-off versus Nicolas Blanchard in Sasquatch zone.
13:48 of 2nd period - Drew Shore is hit by Nicolas Blanchard.
14:04 of 2nd period - Slapshot by Nick Leddy.
14:04 of 2nd period - Stopped by Joe Cannata with a rebound.
15:47 of 2nd period - Penalty to Melker Karlsson is over, Melker Karlsson is back on ice.
15:56 of 2nd period - Slapshot by Danny DeKeiser.
15:56 of 2nd period - Shot Blocked by Jack Skille.
15:58 of 2nd period - Wrist shot by Danny DeKeiser.
15:58 of 2nd period - Shot Misses the Net.
16:00 of 2nd period - Wrist shot by Sergey Kalinin.
16:00 of 2nd period - Goal by Sergey Kalinin - Demolitions : 2 - Sasquatch : 2.
16:01 of 2nd period - Drew Shore wins face-off versus Nicolas Blanchard in neutral zone.
16:03 of 2nd period - Danny DeKeiser is hit by Nicolas Blanchard and loses puck.
16:55 of 2nd period - Slapshot by Jonathan Blum.
16:55 of 2nd period - Stopped by Joe Cannata without a rebound.
16:56 of 2nd period - Drew Shore wins face-off versus Nicolas Blanchard in Demolitions zone.
17:02 of 2nd period - Minor Penalty to Nicolas Blanchard for Holding Stick.
17:03 of 2nd period - Martins Karsums wins face-off versus Drew Shore in Demolitions zone.
17:11 of 2nd period - Snap shot by Drew Shore.
17:11 of 2nd period - Goal by Drew Shore - Demolitions : 2 - Sasquatch : 3.
17:12 of 2nd period - Drew Shore wins face-off versus Nicolas Blanchard in neutral zone.
17:33 of 2nd period - Double Minor Penalty to Nicolas Blanchard for High sticking.
17:34 of 2nd period - Martins Karsums wins face-off versus Drew Shore in Demolitions zone.
19:33 of 2nd period - Jack Skille is hit by Brock Trotter and loses puck.
Goals for this period are 1 for Demolitions vs 2 for Sasquatch.
Shots for this period are 6 for Demolitions vs 8 for Sasquatch.
3rd period
0:01 of 3rd period - Martins Karsums wins face-off versus Filip Forsberg in neutral zone.
0:27 of 3rd period - Wrist shot by Jason Zucker.
0:27 of 3rd period - Stopped by Joe Cannata with a rebound.
1:33 of 3rd period - Penalty to Nicolas Blanchard is over, Nicolas Blanchard is back on ice.
1:40 of 3rd period - Snap shot by Jack Skille.
1:40 of 3rd period - Shot Blocked by Nick Leddy.
1:42 of 3rd period - Slapshot by Erik Condra.
1:42 of 3rd period - Stopped by Corey Crawford with a rebound.
1:44 of 3rd period - Snap shot by Jack Skille.
1:44 of 3rd period - Shot Misses the Net.
1:46 of 3rd period - Slapshot by Nicolas Blanchard.
1:46 of 3rd period - Shot Misses the Net.
1:48 of 3rd period - Slapshot by Ian Cole.
1:48 of 3rd period - Deflect By Erik Condra.
1:48 of 3rd period - Shot Misses the Net.
1:48 of 3rd period - Puck is out of play.
1:49 of 3rd period - Sergey Kalinin wins face-off versus Vince Rocco in Sasquatch zone.
1:49 of 3rd period - Sergey Kalinin is hit by Frazer Mclaren.
1:54 of 3rd period - Icing by Slava Voynov.
1:55 of 3rd period - Lauri Tukonen wins face-off versus Vince Rocco in Sasquatch zone.
1:55 of 3rd period - Lauri Tukonen is hit by Vince Rocco.
2:06 of 3rd period - Off-side.
2:07 of 3rd period - Nicolas Blanchard wins face-off versus Nick Bjugstad in neutral zone.
2:19 of 3rd period - Icing by Seth Helgeson.
2:20 of 3rd period - Nicolas Blanchard wins face-off versus Drew Shore in Demolitions zone.
2:53 of 3rd period - Wrist shot by Frazer Mclaren.
2:53 of 3rd period - Shot Misses the Net.
2:55 of 3rd period - Slapshot by Seth Helgeson.
2:55 of 3rd period - Stopped by Corey Crawford without a rebound.
2:56 of 3rd period - Nicolas Blanchard wins face-off versus Drew Shore in Sasquatch zone.
3:09 of 3rd period - Snap shot by Bobby Butler.
3:09 of 3rd period - Stopped by Corey Crawford with a rebound.
3:11 of 3rd period - Snap shot by Andrew Campbell.
3:11 of 3rd period - Deflect By Nicolas Blanchard.
3:11 of 3rd period - Stopped by Corey Crawford with a rebound.
3:23 of 3rd period - Wrist shot by Frazer Mclaren.
3:23 of 3rd period - Shot Misses the Net.
3:37 of 3rd period - Minor Penalty to Frazer Mclaren for Diving.
3:38 of 3rd period - Martins Karsums wins face-off versus Drew Shore in Demolitions zone.
3:45 of 3rd period - Wrist shot by Filip Forsberg.
3:45 of 3rd period - Stopped by Joe Cannata without a rebound.
3:46 of 3rd period - Jason Akeson wins face-off versus Bobby Butler in Demolitions zone.
4:05 of 3rd period - Seth Helgeson is hit by Drew Shore and loses puck.
4:18 of 3rd period - Snap shot by Jason Akeson.
4:18 of 3rd period - Shot Misses the Net.
4:20 of 3rd period - Snap shot by Drew Shore.
4:20 of 3rd period - Stopped by Joe Cannata with a rebound.
4:22 of 3rd period - Slapshot by Danny DeKeiser.
4:22 of 3rd period - Goal by Danny DeKeiser - Demolitions : 2 - Sasquatch : 4.
4:23 of 3rd period - Nick Bjugstad wins face-off versus Vince Rocco in neutral zone.
4:36 of 3rd period - Wrist shot by Garnet Hathaway.
4:36 of 3rd period - Stopped by Joe Cannata with a rebound.
4:48 of 3rd period - Jason Akeson is hit by Nicolas Blanchard and loses puck.
5:11 of 3rd period - Slapshot by Ian Cole.
5:11 of 3rd period - Shot Misses the Net.
5:14 of 3rd period - Icing by Petr Straka.
5:15 of 3rd period - Melker Karlsson wins face-off versus Thomas DiPauli in Sasquatch zone.
5:34 of 3rd period - Snap shot by Brock Trotter.
5:34 of 3rd period - Shot Blocked by Thomas DiPauli.
5:36 of 3rd period - Slapshot by Martin Marincin.
5:36 of 3rd period - Stopped by Joe Cannata with a rebound.
5:38 of 3rd period - Snap shot by Brock Trotter.
5:38 of 3rd period - Shot Misses the Net.
5:40 of 3rd period - Slapshot by Martin Marincin.
5:40 of 3rd period - Shot Misses the Net.
5:44 of 3rd period - Snap shot by Brock Trotter.
5:44 of 3rd period - Deflect By Melker Karlsson.
5:44 of 3rd period - Goal by Melker Karlsson - Demolitions : 2 - Sasquatch : 5.
5:45 of 3rd period - Nicolas Blanchard wins face-off versus Drew Shore in neutral zone.
5:45 of 3rd period - Minor Penalty to Bobby Butler for Tripping.
5:46 of 3rd period - Martins Karsums wins face-off versus Drew Shore in Demolitions zone.
5:54 of 3rd period - Off-side.
5:55 of 3rd period - Martins Karsums wins face-off versus Drew Shore in neutral zone.
6:06 of 3rd period - Snap shot by Jason Akeson.
6:06 of 3rd period - Shot Misses the Net.
6:08 of 3rd period - Snap shot by Filip Forsberg.
6:08 of 3rd period - Shot Blocked by Mitchell Moroz.
6:10 of 3rd period - Snap shot by Jason Akeson.
6:10 of 3rd period - Deflect By Drew Shore.
6:10 of 3rd period - Shot Misses the Net.
6:10 of 3rd period - Puck is out of play.
6:11 of 3rd period - Drew Shore wins face-off versus Martins Karsums in Demolitions zone.
6:36 of 3rd period - Nick Bjugstad is hit by Martins Karsums.
6:40 of 3rd period - Ian Cole is hit by Jason Zucker and loses puck.
6:55 of 3rd period - Erik Condra is hit by Nick Bjugstad and loses puck.
7:45 of 3rd period - Penalty to Bobby Butler is over, Bobby Butler is back on ice.
7:58 of 3rd period - Taylor Aronson is hit by Lauri Tukonen and loses puck.
8:30 of 3rd period - Off-side.
8:31 of 3rd period - Nick Bjugstad wins face-off versus Nicolas Blanchard in neutral zone.
8:54 of 3rd period - Vince Rocco is hit by Jonathan Blum and loses puck.
9:17 of 3rd period - Ryan Olsen is hit by Martin Marincin and loses puck.
9:38 of 3rd period - Slapshot by Danny DeKeiser.
9:38 of 3rd period - Stopped by Joe Cannata without a rebound.
9:39 of 3rd period - Melker Karlsson wins face-off versus Nicolas Blanchard in Demolitions zone.
9:48 of 3rd period - Snap shot by Brock Trotter.
9:48 of 3rd period - Stopped by Joe Cannata with a rebound.
9:58 of 3rd period - Minor Penalty to Brock Trotter for Hooking.
9:59 of 3rd period - Nicolas Blanchard wins face-off versus Drew Shore in Sasquatch zone.
10:02 of 3rd period - Snap shot by Bobby Butler.
10:02 of 3rd period - Goal by Bobby Butler - Demolitions : 3 - Sasquatch : 5.
10:03 of 3rd period - Nicolas Blanchard wins face-off versus Drew Shore in neutral zone.
10:10 of 3rd period - Wrist shot by Bobby Butler.
10:10 of 3rd period - Shot Hit the Post.
10:12 of 3rd period - Slapshot by Ian Cole.
10:12 of 3rd period - Stopped by Corey Crawford with a rebound.
10:18 of 3rd period - Slapshot by Bobby Butler.
10:18 of 3rd period - Shot Misses the Net.
11:11 of 3rd period - Icing by Billy Sweat.
11:12 of 3rd period - Nicolas Blanchard wins face-off versus Sergey Kalinin in Demolitions zone.
11:19 of 3rd period - Snap shot by Sergey Kalinin.
11:19 of 3rd period - Shot Hit the Post.
12:12 of 3rd period - Jack Skille is hit by Garnet Hathaway and loses puck.
12:28 of 3rd period - Backhand shot by Brock Trotter.
12:28 of 3rd period - Shot Misses the Net.
12:30 of 3rd period - Slapshot by Danny DeKeiser.
12:30 of 3rd period - Shot Blocked by Robert Bortuzzo.
12:32 of 3rd period - Wrist shot by Petr Straka.
12:32 of 3rd period - Deflect By Brock Trotter.
12:32 of 3rd period - Shot Misses the Net.
12:32 of 3rd period - Puck is out of play.
12:33 of 3rd period - Drew Shore wins face-off versus Nicolas Blanchard in Demolitions zone.
12:42 of 3rd period - Snap shot by Jason Akeson.
12:42 of 3rd period - Stopped by Joe Cannata with a rebound.
12:44 of 3rd period - Wrist shot by Jason Akeson.
12:44 of 3rd period - Stopped by Joe Cannata with a rebound.
12:46 of 3rd period - Slapshot by Drew Shore.
12:46 of 3rd period - Stopped by Joe Cannata with a rebound.
12:48 of 3rd period - Snap shot by Filip Forsberg.
12:48 of 3rd period - Shot Misses the Net.
12:54 of 3rd period - Minor Penalty to Nicolas Blanchard for Holding.
12:55 of 3rd period - Drew Shore wins face-off versus Martins Karsums in Demolitions zone.
13:10 of 3rd period - Snap shot by Seth Helgeson.
13:10 of 3rd period - Stopped by Corey Crawford without a rebound.
13:11 of 3rd period - Martins Karsums wins face-off versus Drew Shore in Sasquatch zone.
13:24 of 3rd period - Seth Helgeson is hit by Jason Akeson and loses puck.
14:54 of 3rd period - Penalty to Nicolas Blanchard is over, Nicolas Blanchard is back on ice.
15:11 of 3rd period - Erik Condra is hit by Teemu Hartikainen and loses puck.
15:26 of 3rd period - Nick Leddy is hit by Josh Beaulieu.
15:39 of 3rd period - Icing by Melker Karlsson.
15:40 of 3rd period - Vince Rocco wins face-off versus Melker Karlsson in Sasquatch zone.
15:41 of 3rd period - Wrist shot by Ian Cole.
15:41 of 3rd period - Shot Blocked by Melker Karlsson.
16:06 of 3rd period - Minor Penalty to Brandon Gormley for Goalie Interference.
16:07 of 3rd period - Drew Shore wins face-off versus Nicolas Blanchard in Sasquatch zone.
16:44 of 3rd period - Snap shot by Erik Condra.
16:44 of 3rd period - Stopped by Corey Crawford without a rebound.
16:45 of 3rd period - Sergey Kalinin wins face-off versus Vince Rocco in Sasquatch zone.
16:45 of 3rd period - Sergey Kalinin is hit by Mike Sauer.
16:59 of 3rd period - Danny DeKeiser is hit by Vince Rocco and loses puck.
18:06 of 3rd period - Penalty to Brandon Gormley is over, Brandon Gormley is back on ice.
18:25 of 3rd period - Snap shot by Josh Beaulieu.
18:25 of 3rd period - Stopped by Corey Crawford with a rebound.
18:27 of 3rd period - Snap shot by Mitchell Moroz.
18:27 of 3rd period - Shot Blocked by Brandon Gormley.
18:29 of 3rd period - Slapshot by Taylor Aronson.
18:29 of 3rd period - Stopped by Corey Crawford with a rebound.
18:31 of 3rd period - Slapshot by Robert Bortuzzo.
18:31 of 3rd period - Shot Blocked by Jonathan Blum.
18:33 of 3rd period - Slapshot by Robert Bortuzzo.
18:33 of 3rd period - Deflect By Josh Beaulieu.
18:33 of 3rd period - Stopped by Corey Crawford without a rebound.
18:34 of 3rd period - Melker Karlsson wins face-off versus Ryan Olsen in Sasquatch zone.
18:43 of 3rd period - Snap shot by Billy Sweat.
18:43 of 3rd period - Stopped by Corey Crawford with a rebound.
18:45 of 3rd period - Slapshot by Seth Helgeson.
18:45 of 3rd period - Shot Blocked by Brock Trotter.
18:47 of 3rd period - Slapshot by Ian Cole.
18:47 of 3rd period - Deflect By Ryan Olsen.
18:47 of 3rd period - Shot Blocked by Martin Marincin.
18:47 of 3rd period - Puck is out of play.
18:48 of 3rd period - Melker Karlsson wins face-off versus Thomas DiPauli in Sasquatch zone.
19:13 of 3rd period - Garnet Hathaway is hit by Bobby Butler and loses puck.
Goals for this period are 1 for Demolitions vs 2 for Sasquatch.
Shots for this period are 12 for Demolitions vs 12 for Sasquatch.
Back to the Top